 Dungeon Crawl Stone Soup version 0.23.2-30-g0e89c35649 (webtiles) character file.

Game seed: 14273626635972687731

123 dvd the Firebug (level 5, 0/31 HPs)
             Began as an Octopode Fire Elementalist on June 23, 2019.
             Succumbed to an adder's poison
             ... on level 2 of the Dungeon.
             The game lasted 00:04:40 (2001 turns).

dvd the Firebug (Octopode Fire Elementalist)        Turns: 2001, Time: 00:04:41

Health: 0/31       AC:  1    Str:  7    XL:     5   Next: 7%
Magic:  1/9        EV: 16    Int: 18    God:
Gold:   38         SH:  0    Dex: 18    Spells: 3/10 levels left

rFire    . . .     SeeInvis .   m - +0 rapier
rCold    . . .     Gourm    .   (no shield)
rNeg     . . .     Faith    .   (helmet restricted)
rPois    .         Spirit   .   (no amulet)
rElec    .         Reflect  .   f - -3 ring of evasion (curse)
rCorr    .         Harm     .   (no ring)
MR       .....                  (no ring)
Stlth    +++++.....             (no ring)
HPRegen  0.10/turn              (no ring)
MPRegen  0.11/turn              (no ring)
                                (no ring)
                                (no ring)

@: agile, lethally poisoned (0 -> -6), lightly drained
A: almost no armour, stealthy swim, amphibious, 8 rings, constrict 8, camouflage
1, gelatinous body 1
a: no special abilities


You were on level 2 of the Dungeon.
You were not hungry.

You visited 1 branch of the dungeon, and saw 3 of its levels.

You collected 38 gold pieces.

Inventory:

Hand Weapons
 a - a +0 dagger
 h - a +0 flail of draining
 m - a +0 rapier (weapon)
Armour
 l - a cursed +0 buckler
Jewellery
 f - a cursed -3 ring of evasion (left tentacle)
Scrolls
 d - a scroll of blinking {unknown}
 e - a scroll of fog {unknown}
 i - a scroll of teleportation {unknown}
 k - a scroll of amnesia {unknown}
Potions
 c - 2 potions of agility
 g - a potion of flight {unknown}
 n - a potion of heal wounds {unknown}
Comestibles
 b - 2 rations
 j - 3 chunks of flesh


   Skills:
 + Level 2.4(2.1) Dodging
 + Level 3.7(3.4) Stealth
 + Level 3.0(2.7) Spellcasting
 + Level 2.1(1.9) Conjurations
 + Level 3.8(3.6) Fire Magic


You had 3 spell levels left.
You knew the following spells:

 Your Spells              Type           Power        Failure   Level  Hunger
a - Flame Tongue          Conj/Fire      ##...        5%          1    #......
b - Throw Flame           Conj/Fire      ##....       9%          2    ##.....
c - Sticky Flame          Conj/Fire      ##......     47%         4    #####..

Your spell library contained the following spells:

 Spells                   Type           Power        Failure   Level  Hunger
 Conjure Flame            Conj/Fire      ##......     16%         3    ###....
 Inner Flame              Hex/Fire       #.......     24%         3    ###....
 Fireball                 Conj/Fire      ##........   83%         5    ######.


Dungeon Overview and Level Annotations

Branches:
Dungeon (3/15)

Altars:

Annotations:
D:2 Sigmund


Innate Abilities, Weirdness & Mutations

You cannot wear most types of armour.
You are very stealthy in the water. (Stealth+)
You are amphibious.
You can wear up to eight rings at the same time.
You can use your tentacles to constrict eight enemies at once.
Your skin changes colour to match your surroundings (Stealth+).
Your rubbery body absorbs attacks. (AC +1, EV +1)


Message History

There is an escape hatch in the ceiling here.
A mysterious force pulls you upwards. The hatch slams shut behind you.
Level annotation: Sigmund An adder, 2 jackals and a gnoll come into view.
The gnoll shouts!
The jackal barks!
The frilled lizard hisses angrily.
The adder hisses angrily.
The gnoll shouts!
The jackal closely misses you. The jackal bites you.
* * * LOW HITPOINT WARNING * * *
The jackal bites you.
* * * LOW HITPOINT WARNING * * *
The adder bites you.
* * * LOW HITPOINT WARNING * * *
You are lethally poisoned!
The adder poisons you!
A gnoll comes into view.
Found a scroll labeled XYREINT YPUETE.
Unknown command.
It was a potion of agility.
You feel agile all of a sudden.
You die...

....# #..# ....# #..#
....# #### ....# ....##
### .....# ###..########
###(... .?..........#
###. #..........####
..g.l.h@....... ######.
g.....hS.....#. ......
.g............. ....##
.g...........##
...#####..##........#..#
...##...............# .#
...##.##.###........# #
...##....# #######.##
.(....####


You could see 4 gnolls, an adder, 2 jackals and a frilled lizard.

Vanquished Creatures
  A howler monkey (D:3)
  4 adders (D:2)
  3 dart slugs (D:2)
  2 leopard geckos (D:2)
  2 orcs (D:3)
  2 giant cockroaches
  4 hobgoblins
  5 bats
  4 frilled lizards
  4 goblins
  8 kobolds
  4 rats
43 creatures vanquished.

Vanquished Creatures (others)
  5 toadstools (D:2)
5 creatures vanquished.

Grand Total: 48 creatures vanquished

Notes
Turn   | Place    | Note
-------+----------+-------------------------------------------
     0 | D:1      | dvd the Octopode Fire Elementalist began the quest for the
                  | Orb.
     0 | D:1      | Reached XP level 1. HP: 11/11 MP: 3/3
   419 | D:1      | Reached XP level 2. HP: 11/17 MP: 1/5
   620 | D:1      | Learned a level 2 spell: Throw Flame
  1399 | D:2      | Reached XP level 3. HP: 21/21 MP: 3/6
  1588 | D:2      | Noticed Sigmund
  1611 | D:2      | Reached XP level 4. HP: 27/27 MP: 2/7
  1889 | D:2      | Learned a level 4 spell: Sticky Flame
  1961 | D:3      | Reached XP level 5. HP: 18/31 MP: 0/9
  2000 | D:2      | HP: 1/31 [adder (3)]
  2001 | D:2      | Succumbed to an adder's poison

Skill      XL: |  1  2  3  4  5 |
---------------+----------------+-----
Stealth        | 3 |  3.7
Conjurations   | 2 |  2.1
Spellcasting   | 3 |  3.0
Dodging        | |  2.4
Fire Magic     | |  3.8

Action                   |  1- 3 |  4- 6 || total
-------------------------+-------+-------++-------
Melee: Dagger            |       |     6 ||     6
       Rapier            |       |    10 ||    10
       Constrict         |       |     5 ||     5
       Tentacles         |       |     2 ||     2
 Cast: Flame Tongue      |    43 |    20 ||    63
       Throw Flame       |     4 |     3 ||     7
  Use: Potion            |       |     1 ||     1
  Eat: Chunk             |     2 |     2 ||     4
Armor: Skin              |     3 |     3 ||     6
Dodge: Dodged            |    10 |    21 ||    31
